 Dungeon Crawl Stone Soup version 0.30-a0-219-gf2db51d15e (webtiles) character file.

Game seed: 7896184125613900527

1867 Decritt the Covert (level 8, 0/42 HPs)
             Began as a Spriggan Enchanter on Oct 7, 2022.
             Succumbed to a scorpion's poison
             ... on level 6 of the Dungeon.
             The game lasted 00:14:59 (5735 turns).

Decritt the Covert (Spriggan Enchanter)             Turns: 5735, Time: 00:15:00

Health: 0/42       AC:  4    Str:  4    XL:     8   Next: 90%
Magic:  18/18      EV: 36    Int: 17    God:
Gold:   313        SH:  0    Dex: 17    Spells: 9/19 levels left

rFire   . . .      SeeInvis +    a - +3 dagger (elec)
rCold   . . .      Faith    .    (no shield)
rNeg    . . .      Spirit   .    b - +0 robe
rPois   +          Reflect  .    g - +1 hat
rElec   .          Harm     .    v - +0 cloak
rCorr   .          Rampage  .    (gloves unavailable)
Will    +....                    (boots unavailable)
Stlth   ++++......               k - amulet of the acrobat
HPRegen 0.27/turn                i - +4 ring of slaying
MPRegen 0.16/turn                q - ring of poison resistance

@: lethally poisoned (0 -> -1), acrobatic, very quick
A: very small, no large weapons, unfitting armour, see invisible, speed 3
a: no special abilities


You were on level 6 of the Dungeon.
You visited 1 branch of the dungeon, and saw 6 of its levels.
You also visited: Sewer.

You collected 313 gold pieces.

Inventory:

Hand Weapons
 a - a +3 dagger of electrocution (weapon)
Missiles
 d - 3 throwing nets (quivered)
Armour
 b - a +0 robe (worn)
 g - a +1 hat (worn)
 v - a +0 cloak (worn)
Jewellery
 i - a +4 ring of slaying (left hand)
 k - an amulet of the acrobat (around neck)
 q - a ring of poison resistance (right hand)
 x - a ring of resist corrosion
Wands
 t - a wand of iceblast (5)
 y - a wand of mindburst (6)
 C - a wand of quicksilver (10)
Scrolls
 f - a scroll of fear
 o - 2 scrolls of teleportation
 r - a scroll of magic mapping {unknown}
 w - a scroll of immolation {unknown}
 B - a scroll of vulnerability {unknown}
 D - a scroll of acquirement {unknown}
Potions
 c - 2 potions of invisibility
 e - 3 potions of curing
 h - 2 potions of mutation {unknown}
 j - 3 potions of heal wounds {unknown}
 l - 2 potions of cancellation {unknown}
 m - 3 potions of flight
 n - 2 potions of brilliance
 p - 2 potions of attraction {unknown}
 s - 3 potions of resistance
 u - a potion of magic {unknown}
 z - 3 potions of haste
 A - 2 potions of might {unknown}


   Skills:
 + Level 3.7 Fighting
 + Level 5.0 Short Blades
 + Level 6.6 Dodging
 + Level 8.7 Stealth
 + Level 6.2 Spellcasting
 + Level 6.6 Hexes


You had 9 spell levels left.
You knew the following spells:

 Your Spells              Type           Power      Damage    Failure   Level
a - Confusing Touch       Hex            27%        N/A       2%          3
b - Tukima's Dance        Hex            27%        N/A       2%          3
c - Ensorcelled Hibernat  Hex/Ice        32%        N/A       4%          2
d - Blink                 Tloc           10%        N/A       19%         2

Your spell library contained the following spells:

 Spells                   Type           Power      Damage    Failure   Level
 Dazzling Flash           Conj/Hex       32%        N/A       10%         3
 Momentum Strike          Conj/Tloc      10%        3d8       19%         2
 Fulminant Prism          Conj/Hex       8%         3d7       32%         4
 Ignite Poison            Fire/Tmut/Pois 5%         N/A       36%         3
 Kindle Blastsparks       Fire/Tloc/Air  10%        2d10      36%         3
 Lesser Beckoning         Tloc           10%        N/A       36%         3
 Iskenderun's Mystic Bla  Conj/Tloc      5%         2d3       77%         4
 Sticky Flame             Conj/Fire      5%         2d3       77%         4
 Alistair's Intoxication  Tmut/Pois      3%         N/A       98%         5
 Borgnjor's Vile Clutch   Necr/Erth      2%         N/A       98%         5
 Lee's Rapid Deconstruct  Erth           2%         3d6*      98%         5
 Eringya's Noxious Bog    Tmut/Pois      2%         N/A       100%        6
 Ignition                 Fire           2%         3d3       100%        8


Dungeon Overview and Level Annotations

Branches:
Dungeon (6/15)              Sewer (visited)
 Temple: D:4-7

Altars:
Kikubaaqudgha
Trog

Annotations:
D:3 2 transporters, twist's ghost, amateur VSBr


Innate Abilities, Weirdness & Mutations

You are very small and have problems with some larger weapons.
You are too small for most types of armour.
You have supernaturally acute eyesight. (SInv)
You cover ground extremely quickly. (Speed+++)


Message History

The scorpion poisons you! The howler monkey misses you.
* * * LOW HITPOINT WARNING * * *
You feel very sick.
The adder hisses angrily.
The orc completely misses you. The orc misses you.
The howler monkey completely misses you.
The scorpion completely misses you.
* * * LOW HITPOINT WARNING * * *
You feel sick. The orc completely misses you. x2
The howler monkey closely misses you. The scorpion completely misses you.
* * * LOW HITPOINT WARNING * * *
You feel sick.
The howler monkey completely misses you.
The orc completely misses you. The scorpion completely misses you.
The orc misses you.
* * * LOW HITPOINT WARNING * * *
You feel sick.
The howler monkey completely misses you.
The scorpion completely misses you. The orc misses you.
The orc closely misses you.
An orc wizard comes into view. It is wielding a +0 dagger.
The howler monkey completely misses you.
The scorpion completely misses you.
* * * LOW HITPOINT WARNING * * *
You feel sick. The adder completely misses you.
The orc completely misses you. x2
The howler monkey misses you. The scorpion barely misses you.
The adder completely misses you.
* * * LOW HITPOINT WARNING * * *
You feel sick. The orc misses you. The orc closely misses you.
The scorpion barely misses you.
The howler monkey completely misses you.
The adder closely misses you.
* * * LOW HITPOINT WARNING * * *
You feel sick.
An orc comes into view. It is wielding a +0 whip.
The orc completely misses you. x2
The howler monkey completely misses you.
The scorpion closely misses you. The adder misses you.
An adder comes into view.
You die...

## #####. .#### ###.....
.....###### #...####
#.........#######..##8##
####..Sh#...............
..#####@####.....##.....
.....cosoo...######.....
#.###.oocoo##.[...)).#8##
##..##...o..........).###
.........o...##########
..............##
.......#.........#
o......##.So......
....... #.......##


You could see 2 centaurs, a scorpion, a howler monkey, an orc wizard, 2 adders
and 9 orcs.

Vanquished Creatures
  Grinder (Sewer)
  A steam dragon (D:6)
  An orc warrior (D:5)
  2 black bears (D:4)
  A centaur (D:5)
  A phantom (Sewer)
  2 kobold brigands (Sewer)
  2 bullfrogs (D:5)
  2 scorpions
  An orc priest (D:6)
  2 hounds
  A jelly (D:5)
  A gnoll bouda (D:4)
  Ijyb (D:4)
  Natasha (thrice) (D:3)
  3 iguanas
  4 gnolls
  8 adders
  5 ufetubi (Sewer)
  3 dart slugs
  A worm (D:2)
  15 orcs
  11 ball pythons
  A bat zombie (Sewer)
  4 endoplasms
  10 giant cockroaches
  16 goblins
  5 hobgoblins
  9 jackals
  5 quokkas
  5 bats
  3 frilled lizards
  19 kobolds
  A kobold zombie (Sewer)
  4 rats
154 creatures vanquished.

Vanquished Creatures (collateral kills)
  Blork the orc (D:5)
  An orc priest (D:5)
  A gnoll (D:4)
  An orc (D:5)
4 creatures vanquished.

Vanquished Creatures (others)
  3 dancing weapons
  A human (D:3)
  2 orc wizards (D:6)
6 creatures vanquished.

Grand Total: 164 creatures vanquished

Notes
Turn   | Place    | Note
-------+----------+-------------------------------------------
     0 | D:1      | Decritt the Spriggan Enchanter began the quest for the Orb.
     0 | D:1      | Reached XP level 1. HP: 9/9 MP: 5/5
   373 | D:1      | Reached XP level 2. HP: 13/13 MP: 6/6
   906 | D:2      | Reached skill level 5 in Stealth
   906 | D:2      | Reached XP level 3. HP: 17/17 MP: 8/8
   975 | D:2      | Learned a level 3 spell: Confusing Touch
   981 | D:2      | Learned a level 3 spell: Tukima's Dance
   984 | D:2      | Learned a level 2 spell: Ensorcelled Hibernation
  1336 | D:3      | Found a transporter.
  1345 | D:3      | Found a transporter.
  1419 | D:3      | Noticed Natasha
  1444 | D:3      | Killed Natasha
  1445 | D:3      | Reached skill level 1 in Fighting
  1445 | D:3      | Reached XP level 4. HP: 22/22 MP: 10/10
  1470 | D:3      | Noticed Natasha
  1488 | D:3      | Killed Natasha
  1525 | D:3      | Noticed Natasha
  1701 | D:3      | Killed Natasha
  1702 | D:3      | Reached XP level 5. HP: 15/25 MP: 11/11
  1707 | D:3      | Learned a level 2 spell: Blink
  1742 | D:3      | Found an ancient bone altar of Kikubaaqudgha.
  1784 | D:3      | Noticed twist's ghost (amateur VSBr)
  1798 | D:3      | Noticed a human
  1801 | D:3      | Killed a human
  2053 | D:4      | Noticed Ijyb
  2221 | D:4      | Found a glowing drain.
  2232 | Sewer    | Entered a sewer
  2359 | Sewer    | Found an ancient bone altar of Kikubaaqudgha.
  2462 | Sewer    | Reached skill level 6 in Stealth
  2462 | Sewer    | Reached XP level 6. HP: 17/30 MP: 13/13
  2534 | Sewer    | Noticed Grinder
  2564 | Sewer    | Killed Grinder
  2565 | Sewer    | Reached skill level 5 in Hexes
  2565 | Sewer    | Reached XP level 7. HP: 35/35 MP: 14/14
  2765 | Sewer    | Reached skill level 5 in Dodging
  3104 | D:4      | Reached skill level 7 in Stealth
  3360 | D:4      | Reached skill level 5 in Spellcasting
  4025 | D:4      | Killed Ijyb
  4294 | D:5      | Entered Level 5 of the Dungeon
  4294 | D:5      | Found a bloodstained altar of Trog.
  4512 | D:4      | Reached XP level 8. HP: 40/40 MP: 11/17
  4902 | D:5      | Reached skill level 8 in Stealth
  4951 | D:5      | Noticed Blork the orc
  4957 | D:5      | Killed Blork the orc
  5456 | D:6      | Reached skill level 5 in Short Blades
  5500 | D:6      | Identified the +8 war axe "Zautuly" {venom, rElec Will+
                  | Stlth+}
  5732 | D:6      | HP: 2/42 [poisoned by a scorpion]
  5735 | D:6      | Succumbed to a scorpion's poison

Illustrated notes

Levels and vault maps discovered:
D:1:      amcnicky_arrival_blooded_trapdoor, layout_basic
D:2:      layout_basic, minmay_crystal_room
D:3:      layout_rooms, tgw_kikubaaqudgha, gammafunk_ghost_stat_death,
          uniq_natasha
D:4:      kennysheep_goblin_castle, layout_basic, gup_sewer_entry_bubbles
D:5:      layout_rooms, trog_ov_bears_minmay, ebering_dispersal_statue_hall,
          uniq_blork_the_orc
D:6:      layout_rooms, skrybe_limestone_x, corexii_hall_statues_l

Skill      XL: |  1  2  3  4  5  6  7  8 |
---------------+-------------------------+-----
Dodging        | 3 4 5 6 |  6.6
Spellcasting   | 3 4 5 6 |  6.2
Stealth        | 5 6 7 8 |  8.7
Hexes          | 4 5 6 |  6.6
Fighting       | 1 2 3 |  3.7
Short Blades   | 2 3 4 5 |  5.0

Action                   |  1- 3 |  4- 6 |  7- 9 || total
-------------------------+-------+-------+-------++-------
Melee: Dagger            |    84 |    28 |   163 ||   275
       Punch             |     1 |     2 |       ||     3
       Rapier            |     2 |    86 |       ||    88
 Cast: Tukima's Dance    |       |       |    20 ||    20
       Ensorcelled Hiber |       |       |    19 ||    19
       Blink             |       |       |     3 ||     3
       Confusing Touch   |       |       |     1 ||     1
  Use: Scroll            |       |     3 |     6 ||     9
       Potion            |       |     1 |     1 ||     2
 Stab: Sleeping          |     9 |     9 |    19 ||    37
       Distracted        |     1 |       |       ||     1
Armor: Robe              |     7 |     7 |    23 ||    37
Dodge: Dodged            |    52 |    97 |   559 ||   708

Table legend: (Time is in decaauts)
 A = Elapsed time spent in this place.
 B = Non-inter-level travel time spent in this place.
 C = Inter-level travel time spent in this place.
 D = Time resting spent in this place.
 E = Time spent auto-exploring this place.
 F = Levels seen in this place.
 G = Mean time per level.
                   A        B        C        D        E       F      G
               +--------+--------+--------+--------+--------+-----+--------+
         Total |   4266 |   4184 |     82 |    774 |   1998 |   7 |  609.4 |
       Dungeon |   3778 |   3696 |     82 |    664 |   1814 |   6 |  629.7 |
         Sewer |    487 |    487 |      0 |    110 |    184 |   1 |  487.0 |
               +--------+--------+--------+--------+--------+-----+--------+

Top non-repeatable levels by time:
     D:4: 1502 daAuts
     D:5: 743 daAuts
     D:3: 544 daAuts
     D:1: 491 daAuts
   Sewer: 487 daAuts
     D:2: 381 daAuts
     D:6: 115 daAuts
